 Dungeon Crawl Stone Soup version 0.16.1-16-gc44b35d (webtiles) character file.

2576 jacksonaction the Summoner (level 9, -5/45 HPs)
             Began as a Deep Elf Summoner on Apr 17, 2015.
             Was a Follower of Sif Muna.
             Slain by Joseph
             ... wielding a +0 quarterstaff
              (7 damage)
             ... on level 8 of the Dungeon.
             The game lasted 01:15:41 (9355 turns).

jacksonaction the Summoner (Deep Elf Summoner)      Turns: 9355, Time: 01:15:41

Health: -5/45      AC:  4    Str:  5    XL:     9   Next: 32%
Magic:  4/28       EV: 17    Int: 24    God:    Sif Muna [*.....]
Gold:   261        SH:  0    Dex: 15    Spells: 5 memorised, 9 levels left

rFire  . . .     SeeInvis .     b - +1 shortbow (evade)
rCold  . . .     Clarity  .     a - +0 robe
rNeg   . . .     SustAb   .     (no shield)
rPois  .         Gourm    .     (no helmet)
rElec  .         Spirit   .     i - +0 cloak
rCorr  .         Warding  .     (no gloves)
rMut   .         Stasis   .     I - +0 pair of boots
MR     .....                    (no amulet)
Stlth  ++........               (no ring)
                                (no ring)

@: drained, not resistant to hostile enchantments, unstealthy
A: no striking features
a: Channel Energy, Renounce Religion


You were on level 8 of the Dungeon.
You worshipped Sif Muna.
Sif Muna was aware of your devotion.
You were hungry.

You visited 2 branches of the dungeon, and saw 9 of its levels.

You collected 261 gold pieces.

Inventory:

Hand weapons
 b - a +1 shortbow of evasion (weapon)
 E - a +2 whip of draining
Missiles
 D - 7 arrows of flame
 H - 73 arrows (quivered)
 Q - 5 arrows of frost
Armour
 a - a +0 robe (worn)
 i - a +0 cloak (worn)
 m - the cursed +0 robe "Leig" {Dex+3, unknown}
   (You found it on level 7 of the Dungeon)

   It affects your dexterity (+3).
   It has a curse placed upon it.
 I - a +0 pair of boots (worn)
Magical staves
 J - an uncursed staff of earth
Jewellery
 j - an uncursed ring of see invisible {unknown}
 p - an uncursed ring of flight {unknown}
 y - an uncursed amulet of warding {unknown}
 R - a cursed -2 ring of protection {unknown}
Magical devices
 C - a wand of teleportation (0)
Scrolls
 e - 2 scrolls of magic mapping {unknown}
 g - 10 scrolls of identify {unknown}
 l - 3 scrolls of enchant weapon {unknown}
 o - a scroll of blinking {unknown}
 r - 2 scrolls of recharging {unknown}
 v - a scroll of noise {unknown}
 w - 2 scrolls of teleportation {unknown}
 F - a scroll of brand weapon {unknown}
 K - a scroll of fog {unknown}
 L - a scroll of amnesia {unknown}
 M - a scroll of enchant armour {unknown}
 T - a scroll of remove curse {unknown}
Potions
 d - a potion of restore abilities {unknown}
 f - 4 potions of curing {unknown}
 h - 2 potions of brilliance
 k - a potion of mutation {unknown}
 n - 3 potions of heal wounds
 q - 2 potions of agility
 s - a potion of haste {unknown}
 t - a potion of lignification {unknown}
 u - a potion of might {unknown}
 z - a potion of invisibility {unknown}
 B - a potion of degeneration {unknown}
 S - a potion of magic {unknown}
Books
 G - a book of Callings

   Spells                             Type                      Level
   a - Summon Small Mammal            Summoning                    1
   b - Call Imp                       Summoning                    2
   c - Call Canine Familiar           Summoning                    3
   d - Summon Guardian Golem          Hexes/Summoning              4
   e - Summon Lightning Spire         Summoning/Air                4
   f - Summon Ice Beast               Ice/Summoning                4
Comestibles
 c - 6 bread rations
 x - 2 meat rations
 A - 10 fruits
 N - 2 chunks of flesh
 O - 3 beef jerkies
 P - 7 slices of pizza


   Skills:
 - Level 3.0(2.4) Bows
 - Level 2.4(1.8) Dodging
 - Level 2.4(1.8) Stealth
 + Level 7.7(7.1) Spellcasting
 - Level 10.0(9.3) Summonings
 - Level 3.4(2.8) Ice Magic
 - Level 3.0(2.4) Air Magic
 - Level 6.1(5.5) Invocations


You had 9 spell levels left.
You knew the following spells:

 Your Spells              Type           Power        Failure   Level  Hunger
a - Summon Small Mammal   Summ           ####         1%          1    None
b - Call Imp              Summ           ######..     1%          2    None
c - Call Canine Familiar  Summ           ######..     1%          3    None
d - Summon Ice Beast      Ice/Summ       #####...     8%          4    ###....
e - Summon Lightning Spi  Summ/Air       #####...     8%          4    ###....


Dungeon Overview and Level Annotations

Branches:
Dungeon (8/15)             Temple (1/1) D:7
   Lair: D:8-11

Altars:
Ashenzari
Cheibriados
Dithmenos
Elyvilon
Kikubaaqudgha
Makhleb
Nemelex Xobeh
Okawaru
Qazlal
Ru
Sif Muna
Trog
Vehumet
Xom
Zin
The Shining One

Annotations:
D:8 Joseph


Message History

Your lightning spire is destroyed!
Casting: Summon Lightning Spire
Confirm with . or Enter, or press ? or * to list all spells.
Aiming: Summon Lightning Spire
Press: ? - help, Dir - move target cursor An electric hum fills the air.
Joseph zaps a wand.
The bolt of negative energy hits you!
You feel drained.
Ouch! That really hurt!
* * * LOW HITPOINT WARNING * * *
Firing (i - inventory. (,) - cycle):
H - 75 arrows (quivered)
Press: ? - help, Shift-Dir - straight line, f - Joseph
Aim: Joseph, wielding a quarterstaff, wearing a leather armour and carrying a wand of draining {zapped: 4} (almost dead)
You shoot an arrow. The arrow barely misses Joseph.
Joseph misses you.
Firing (i - inventory. (,) - cycle):
H - 74 arrows (quivered)
Press: ? - help, Shift-Dir - straight line, f/p - Joseph
Aim: Joseph, wielding a quarterstaff, wearing a leather armour and carrying a wand of draining {zapped: 4} (almost dead)
You shoot an arrow. The arrow hits Joseph!
Joseph is almost dead.
Joseph hits you with an uncursed quarterstaff!
You die...

....@...#
####...#####..[...#..
........#
#####.#######......#.
#...(..# #.........#
#####.... #(#
#........)# ##... #@#
#......)).#######[...
#.#
#########)........###
#@#
##############......(#
#(#
##..8.................#
#.#
#..###@................
#.#
##(#.#@.########....)...
#.# ###)(....##
########.
#8###.(.#....#### #.
#.##.@###(..##..# #.
#.##.## #...##..###
####. #....#
##.##..รท..##### #....
#..###
#..#..8......####.###
#_##
##.##..###........###


You could see Joseph and a friendly lightning spire.

Vanquished Creatures
  Grinder (D:4)
  2 gnolls (D:6)
  An adder (D:6)
  A worm (D:6)
  A giant gecko (D:5)
  3 orcs
  A giant cockroach (D:6)
  5 hobgoblins
  5 bats
  3 giant spores
  2 goblins (D:5)
  4 kobolds
  7 rats
  4 ballistomycetes
40 creatures vanquished.

Vanquished Creatures (collateral kills)
  Erolcha (D:8)
  A two-headed ogre (D:8)
  7 yaks
  A human (D:7)
  A hungry ghost (D:7)
  2 black bears
  3 ice beasts
  A sky beast (D:5)
  2 phantoms
  2 ogres
  3 centaurs
  4 giant frogs
  A scorpion (D:7)
  3 crimson imps
  A goliath beetle (D:8)
  3 hounds
  2 iguanas
  2 centaur skeletons
  3 orc priests
  7 orc wizards
  Natasha (thrice) (D:6)
  4 worker ants
  3 sheep (D:7)
  Ijyb (D:3)
  A hound zombie (D:7)
  9 adders
  7 gnolls
  A giant mite (D:5)
  A worm (D:4)
  An adder skeleton (D:7)
  5 giant geckos
  3 oozes
  22 orcs
  6 bats
  A bat skeleton (D:4)
  A bat zombie (D:6)
  4 giant cockroaches
  6 goblins
  8 hobgoblins
  6 jackals
  A quokka (D:3)
  A giant gecko zombie (D:5)
  4 giant newts
  11 kobolds
  A quokka skeleton (D:6)
  8 rats
169 creatures vanquished.

Vanquished Creatures (others)
  A wolf (D:7)
  7 ice beasts
  A crimson imp (D:3)
  10 hounds
  7 lightning spires (D:8)
  3 shadow imps
  3 white imps
  2 bats (D:1)
  A quokka (D:1)
  2 rats (D:1)
37 creatures vanquished.

Grand Total: 246 creatures vanquished

Notes
Turn   | Place    | Note
--------------------------------------------------------------
     0 | D:1      | jacksonaction, the Deep Elf Summoner, began the quest for the Orb.
     0 | D:1      | Reached XP level 1. HP: 10/10 MP: 5/5
   303 | D:1      | Reached XP level 2. HP: 12/15 MP: 6/8
   307 | D:1      | Learned a level 2 spell: Call Imp
  1609 | D:2      | Found an iron altar of Okawaru.
  2075 | D:3      | Reached XP level 3. HP: 17/19 MP: 9/13
  2081 | D:3      | Learned a level 3 spell: Call Canine Familiar
  2083 | D:3      | Found a shattered altar of Ashenzari.
  2134 | D:3      | Reached skill level 5 in Spellcasting
  2287 | D:3      | Noticed an ice beast
  2299 | D:3      | Killed an ice beast
  2299 | D:3      | Reached skill level 5 in Summonings
  2299 | D:3      | Reached XP level 4. HP: 24/24 MP: 1/17
  2491 | D:3      | Found a sparkling altar of Nemelex Xobeh.
  2529 | D:3      | Noticed Ijyb
  2544 | D:3      | Killed Ijyb
  3378 | D:4      | Found a bloodstained altar of Trog.
  3427 | D:4      | Reached skill level 6 in Summonings
  3436 | D:4      | Learned a level 4 spell: Summon Ice Beast
  3475 | D:4      | Noticed Grinder
  3642 | D:4      | Reached XP level 5. HP: 12/28 MP: 15/19
  3833 | D:4      | Paralysed by Grinder for 4 turns
  3897 | D:4      | Killed Grinder
  4080 | D:4      | Reached XP level 6. HP: 32/32 MP: 14/21
  4453 | D:5      | Entered Level 5 of the Dungeon
  4968 | D:5      | Reached skill level 7 in Summonings
  4998 | D:5      | Found a burning altar of Makhleb.
  5322 | D:5      | Found a glowing golden altar of the Shining One.
  5797 | D:6      | Reached XP level 7. HP: 36/36 MP: 22/22
  5947 | D:6      | Reached skill level 8 in Summonings
  6020 | D:6      | Noticed Natasha
  6026 | D:6      | Killed Natasha
  6034 | D:6      | Noticed Natasha
  6036 | D:6      | Killed Natasha
  6244 | D:6      | Noticed Natasha
  6248 | D:6      | Killed Natasha
  6950 | D:6      | Reached skill level 9 in Summonings
  7189 | D:7      | Got a bloodstained robe
  7208 | D:7      | Reached skill level 1 in Bows
  7374 | D:7      | Reached XP level 8. HP: 23/41 MP: 15/24
  7617 | D:7      | Noticed a human
  7618 | D:7      | Noticed a yak
  7639 | D:7      | Killed a human
  7643 | D:7      | Reached skill level 10 in Summonings
  7650 | D:7      | Learned a level 4 spell: Summon Lightning Spire
  7706 | D:7      | Killed a yak
  7806 | D:7      | Found a staircase to the Ecumenical Temple.
  7835 | Temple   | Entered the Ecumenical Temple
  7903 | Temple   | Became a worshipper of Sif Muna the Loreminder
  8393 | D:8      | Reached skill level 1 in Invocations
  8759 | D:8      | Noticed a two-headed ogre
  8762 | D:8      | Killed a two-headed ogre
  8800 | D:8      | Noticed Erolcha
  8806 | D:8      | Killed Erolcha
  8806 | D:8      | Reached XP level 9. HP: 45/45 MP: 17/25
  8941 | D:8      | Found a white marble altar of Elyvilon.
  9017 | D:8      | Acquired Sif Muna's first power
  9265 | D:8      | Found a glowing silver altar of Zin.
  9285 | D:8      | Noticed Joseph
  9353 | D:8      | HP: 2/45 [Joseph/wand of draining (24)]
  9355 | D:8      | Slain by Joseph

Action                   |  1- 3 |  4- 6 |  7- 9 || total
-------------------------+-------+-------+-------++-------
Melee: Unarmed           |     7 |     2 |       ||     9
       Staff             |       |       |    37 ||    37
 Fire: Hunting sling     |       |    34 |       ||    34
       Shortbow          |       |    50 |   139 ||   189
 Cast: Summon Small Mamm |    20 |       |       ||    20
       Call Imp          |    33 |    18 |     2 ||    53
       Call Canine Famil |     2 |    14 |     5 ||    21
       Summon Ice Beast  |       |    26 |    41 ||    67
       Summon Lightning  |       |       |    27 ||    27
  Use: Potion            |       |       |     3 ||     3
 Stab: Distracted        |     1 |       |       ||     1
  Eat: Chunk             |     5 |    15 |    20 ||    40
